Map: Station Proxima EC

Players

Roffe - Winner!

  • Race: Terran Terran
  • League: Platinum
  • Spawn Location: 7:00

zidar

  • Race: Zerg Zerg
  • League: Gold
  • Spawn Location: 1:00

VOD

Have the link to the VOD?

Description

Time

  • Played on: June 24, 2017, 3:04 p.m.
  • Length: 12:51
Show
View Real Time Build Order
Export as new Build Order

Roffe Terran - Winner!

Build Orders:  

Get SALT Encoding   

  12  0:01  SCV  
  13  0:13  SCV  
  14  0:19  Supply Depot  
  14  0:25  SCV  
  15  0:40  SCV  
  15  0:42  Barracks  
  16  0:47  Refinery  
  16  0:52  SCV  
  17  1:04  SCV  
  18  1:16  SCV  
  19  1:29  SCV  
  19  1:32  Reaper  
  21  1:40  Command Center  
  21  1:41  SCV  
  22  1:53  Orbital Command  
  22  1:59  Supply Depot  
  22  2:20  SCV  
  23  2:24  Barracks Tech Lab  
  23  2:25  Refinery  
  23  2:32  SCV  
  23  2:35  Factory  
  24  2:44  SCV  
  25  2:57  SCV  
  26  3:09  SCV  
  26  3:10  SCV  
  28  3:17  Refinery  
  28  3:20  Factory Reactor  
  28  3:21  SCV, Starport  
  28  3:22  SCV  
  30  3:33  SCV  
  31  3:35  Orbital Command  
  31  3:45  SCV  
  32  3:48  Barracks Tech Lab  
  32  3:57  SCV  
  33  4:09  Barracks  
  33  4:10  Stimpack  
  33  4:11  Marauder  
  33  4:16  Banshee  
  38  4:19  SCV x2  
  40  4:27  Refinery  
  40  4:31  Cloaking Field, SCV x2  
  41  4:34  Marine  
  43  4:42  Supply Depot  
  43  4:43  SCV x2  
  45  4:52  Marine  
  46  5:04  Factory Tech Lab, SCV x2, Banshee  
  46  5:06  Supply Depot  
  51  5:11  Barracks  
  51  5:16  SCV x2  
  53  5:28  Marine x2, Marauder, SCV  
  57  5:38  SCV  
  57  5:40  SCV  
  59  5:46  Marine x2  
  61  5:50  SCV  
  62  6:00  Supply Depot  
  62  6:14  Combat Shield  
  62  6:16  Barracks Reactor  
  62  6:19  Barracks  
  62  6:21  Marine x2  
  62  6:22  Marauder, SCV, Siege Tank  
  70  6:25  Engineering Bay  
  70  6:26  Engineering Bay  
  70  6:28  Starport  
  70  7:02  Marine x2  
  70  7:03  SCV  
  70  7:32  Supply Depot  
  70  7:33  Supply Depot  
  70  7:35  Terran Infantry Armor Level 1, Terran Infantry Weapons Level 1  
  70  7:36  Supply Depot  
  70  7:37  Supply Depot  
  70  7:38  Armory  
  70  7:44  Command Center  
  70  7:45  Starport Reactor  
  70  7:54  Marine x2, Marauder, SCV x2  
  70  7:55  Siege Tank  
  70  7:56  Supply Depot  
  79  7:59  Starport Reactor  
  79  8:01  Supply Depot  
  79  8:06  SCV x2  
  79  8:11  Marine x2  
  79  8:12  Missile Turret  
  80  8:16  Marauder  
  80  8:18  SCV x2  
  80  8:19  Missile Turret  
  84  8:21  Missile Turret  
  84  8:22  Missile Turret  
  84  8:27  Medivac x2  
  88  8:35  Missile Turret, Medivac x2  
  88  8:39  Marine x4, Marauder x2  
  88  8:40  Liberator x2  
  100  8:44  Terran Vehicle Weapons Level 1  
  100  8:57  Marine x4  
  100  9:00  Marine, Marauder  
  113  9:08  Supply Depot  
  113  9:12  Factory  
  113  9:15  Marine  
  114  9:31  Supply Depot  
  91  9:46  Siege Tank  
  93  9:53  Supply Depot  
  89  10:15  Marine  
  89  10:16  Marine x3, Marauder x2  
  89  10:18  Siege Tank  
  100  10:26  Missile Turret  
  100  10:27  Terran Infantry Weapons Level 2, Terran Infantry Armor Level 2  
  100  10:33  Marine  
  101  10:36  Planetary Fortress  
  101  10:37  Marauder x2  
  101  10:38  SCV x2  
  107  10:45  Missile Turret  
  107  10:46  Missile Turret  
  107  10:50  SCV  
  107  10:52  Sensor Tower  
  108  10:59  Marauder x2, Siege Tank  
  108  11:01  Liberator x2  
  108  11:03  Factory Tech Lab  
  115  11:11  Missile Turret  
  115  11:14  Marine x4  
  115  11:16  Medivac x2  
  129  11:19  Marine  
  129  11:20  Marine  
  131  11:28  Refinery  
  131  11:29  Refinery  
  131  11:31  Marine  
  132  11:48  Medivac x2  
  136  12:01  Medivac x2  
  140  12:04  Marine x4, Marauder x2  
  148  12:22  Marine  
  149  12:27  Barracks  
  149  12:29  Supply Depot  
  149  12:33  Marine x3  
Show
View Real Time Build Order
Export as new Build Order

zidar Zerg 

Build Orders: Hatch First 

Get SALT Encoding   

  12  0:02  Drone  
  13  0:13  Overlord  
  13  0:21  Drone  
  14  0:31  Drone x2  
  14  0:35  Extractor, Drone  
  17  0:58  Drone  
  17  0:59  Hatchery  
  17  1:01  Extractor  
  17  1:03  Drone  
  17  1:20  Spawning Pool  
  17  1:23  Drone  
  17  1:30  Overlord  
  17  1:35  Drone  
  18  1:45  Drone  
  19  1:53  Drone  
  20  2:02  Drone  
  21  2:12  Zergling x2  
  21  2:17  Queen  
  21  2:20  Metabolic Boost  
  23  2:23  Zergling x2  
  23  2:26  Queen  
  26  2:32  Zergling x2  
  26  3:23  Extractor  
  25  3:31  Baneling Nest  
  25  3:33  Drone x9  
  33  3:51  Drone  
  33  3:53  Zergling x2  
  35  4:08  Lair  
  35  4:18  Baneling  
  35  4:19  Baneling  
  35  4:20  Baneling x2  
  35  4:29  Pneumatized Carapace  
  35  5:05  Roach Warren  
  35  5:06  Extractor  
  33  5:16  Spore Crawler  
  33  5:20  Spore Crawler  
  31  5:26  Overlord  
  31  5:27  Overlord x6  
  30  5:44  Evolution Chamber  
  30  5:45  Evolution Chamber  
  28  5:54  Drone x4  
  28  5:55  Drone x11  
  43  6:18  Spore Crawler  
  42  6:20  Spore Crawler  
  42  6:21  Zerg Ground Armor Level 1  
  42  6:22  Zerg Missile Weapons Level 1  
  41  6:31  Spire  
  40  6:34  Extractor  
  39  6:58  Spore Crawler  
  39  7:01  Spore Crawler  
  37  7:06  Roach x13  
  58  7:42  Mutalisk x5  
  58  7:43  Mutalisk  
  70  7:49  Overseer  
  68  8:06  Queen  
  69  8:18  Mutalisk x3  
  75  8:53  Drone x5  
  80  9:00  Ravager  
  81  9:05  Ravager  
  81  9:08  Ravager  
  83  9:11  Ravager  
  84  9:21  Overlord x7  
  54  9:53  Roach x6  
  46  10:14  Roach x4  
  54  10:42  Hatchery  
  54  10:44  Roach x5  
  63  10:52  Drone  
  63  10:55  Drone x2  
  66  11:01  Overseer  
  66  11:08  Ravager x3  
  69  11:13  Roach  
  69  11:14  Roach  
  73  11:21  Glial Reconstitution  
  73  11:42  Roach  
  75  11:48  Drone x4  
  79  11:58  Roach x2  
  83  12:08  Queen  
  83  12:33  Drone x6  
Tags
 
Add a new tag
Caveats
  • Supply blocks, unpowered buildings, or Contaminate may cause inaccurate times.
  • Supply counts are checked every 10 seconds.